 Dungeon Crawl Stone Soup version 0.20.0-15-g7f486f2 (webtiles) character file.

317 Hook the Magician (level 6, 0/47 HPs)
             Began as a Draconian Wizard on June 22, 2017.
             Killed by nerve-wracking pain
             ... invoked by an orc priest
              (13 damage)
             ... on level 4 of the Dungeon.
             The game lasted 00:09:04 (3140 turns).

Hook the Magician (Draconian Wizard)                Turns: 3140, Time: 00:09:04

Health: 0/47       AC:  6    Str: 10    XL:     6   Next: 20%
Magic:  1/11       EV: 13    Int: 20    God:
Gold:   203        SH:  0    Dex:  9    Spells: 7/12 levels left

rFire    . . .     SeeInvis .   d - +2 dagger (venom)
rCold    . . .     Gourm    .   (no shield)
rNeg     . . .     Faith    .   (armour unavailable)
rPois    .         Spirit   .   a - +0 hat
rElec    .         Reflect  .   (no cloak)
rCorr    .         Harm     .   (no gloves)
MR       .....                  (no boots)
Stlth    ++........             (no amulet)
Regen    0.2/turn               (no ring)
MPRegen  0.2/turn               (no ring)

@: no status effects
A: unfitting armour, cold-blooded, AC +6
a: no special abilities


You were on level 4 of the Dungeon.
You were not hungry.

You visited 1 branch of the dungeon, and saw 4 of its levels.

You collected 203 gold pieces.

Inventory:

Hand Weapons
 d - a +2 dagger of venom (weapon)
 e - a +0 short sword
Armour
 a - a +0 hat (worn)
Jewellery
 f - an uncursed ring of fire {unknown}
 q - an uncursed ring of resist corrosion {unknown}
Scrolls
 g - a scroll of remove curse
 m - 3 scrolls of identify {unknown}
 n - a scroll of fog {unknown}
 o - a scroll of enchant armour {unknown}
 r - a scroll of teleportation {unknown}
Potions
 h - 2 potions of flight {unknown}
 i - 2 potions of curing {unknown}
 k - 2 potions of heal wounds {unknown}
Books
 b - a book of Minor Magic

   Spells                             Type                      Level
   a - Magic Dart                     Conjuration                  1
   b - Blink                          Translocation                2
   c - Call Imp                       Summoning                    2
   d - Slow                           Hexes                        2
   e - Conjure Flame                  Conjuration/Fire             3
   f - Mephitic Cloud                 Conjuration/Poison/Air       3
Comestibles
 c - a bread ration
 j - a royal jelly
 l - a meat ration


   Skills:
 + Level 1.2 Fighting
 + Level 1.8 Short Blades
 * Level 3.4 Dodging
 + Level 2.3 Stealth
 + Level 3.8 Spellcasting
 * Level 3.2 Conjurations
 + Level 1.3 Summonings
 + Level 1.0 Translocations


You had 7 spell levels left.
You knew the following spells:

 Your Spells              Type           Power        Failure   Level  Hunger
a - Magic Dart            Conj           ###.         3%          1    None
b - Call Imp              Summ           #.......     12%         2    ##.....
c - Blink                 Tloc           N/A          13%         2    ##.....


Dungeon Overview and Level Annotations

Branches:
Dungeon (4/15)
 Temple: D:4-7

Altars:

Shops:
D:4 *

Annotations:
D:4 StormFighter's ghost, amateur DEFE


Innate Abilities, Weirdness & Mutations

Your plain brown scales are hard. (AC +6)
You cannot fit into any form of body armour.
You are cold-blooded and may be slowed by cold attacks.


Message History

The orc priest is lightly wounded.
Your crimson imp hits the orc priest.
The orc priest mumbles some strange prayers to Beogh against you.
Pain shoots through your body!
* * * LOW HITPOINT WARNING * * *
You are too injured to fight recklessly!
Unknown command.
Your crimson imp disappears in a puff of smoke!
The orc priest hits you with a hand axe.
* * * LOW HITPOINT WARNING * * *
Items here: )) [[ † a flail; a runed scale mail; a whip; a ring mail; an orc corpse You barely miss the orc priest.
The orc priest is moderately wounded.
The orc priest hits you but does no damage.
You closely miss the orc priest. You tail-slap the orc priest.
The orc priest is moderately wounded.
The orc priest calls down the wrath of Beogh upon you.
Pain shoots through your body!
You die...

....#.####.##..###.......
....#......h)....+.......
........##.##..###.......
###.###.##.#...........
................. .
..##.#....#.#.#####.#
#.#...............
#.#...o...........
#.#...§@..†.......
#..#.†..........
#...............
#.##............ ...
#............ ###.
#............
#....$.......
#............
#............


You could see an orc priest.

Vanquished Creatures
  An ogre (D:4)
  An orc priest (D:4)
  2 worker ants
  Robin (D:2)
  2 adders (D:3)
  A dart slug (D:1)
  2 leopard geckos (D:3)
  3 orcs (D:3)
  6 bats
  2 giant cockroaches
  16 goblins
  7 hobgoblins
  12 jackals
  3 quokkas (D:2)
  2 frilled lizards
  8 kobolds
  11 rats
80 creatures vanquished.

Vanquished Creatures (collateral kills)
  A hound (D:4)
  A centaur skeleton (D:4)
  An orc (D:4)
  3 jackals (D:4)
  A jackal skeleton (D:4)
7 creatures vanquished.

Grand Total: 87 creatures vanquished

Notes
Turn   | Place    | Note
-------+----------+-------------------------------------------
     0 | D:1      | Hook the Draconian Wizard began the quest for the Orb.
     0 | D:1      | Reached XP level 1. HP: 14/14 MP: 4/4
   301 | D:1      | Reached XP level 2. HP: 18/20 MP: 0/6
  1112 | D:2      | Reached XP level 3. HP: 24/27 MP: 2/7
  1158 | D:2      | Learned a level 2 spell: Call Imp
  1161 | D:2      | Learned a level 2 spell: Blink
  1733 | D:3      | Noticed Robin
  1741 | D:2      | Killed Robin
  1924 | D:3      | Reached XP level 4. HP: 33/34 MP: 1/9
  2265 | D:3      | Reached skill level 1 in Fighting
  2265 | D:3      | Reached skill level 1 in Short Blades
  2659 | D:3      | Reached XP level 5. HP: 36/40 MP: 5/10
  2833 | D:4      | Found Elorr's Assorted Antiques.
  2836 | D:4      | Noticed StormFighter's ghost (amateur DEFE)
  2890 | D:4      | Noticed an ogre
  2902 | D:4      | Killed an ogre
  3119 | D:4      | Reached XP level 6. HP: 27/47 MP: 1/11
  3140 | D:4      | Killed from afar by an orc priest

Skill      XL: |  1  2  3  4  5 |
---------------+----------------+-----
Dodging        | 2 3 |  3.4
Stealth        | 2 |  2.3
Conjurations   | 2 3 |  3.2
Fighting       | 1 |  1.2
Short Blades   | 1 |  1.8
Spellcasting   | |  3.8
Summonings     | |  1.3
Translocations | |  1.0

Action                   |  1- 3 |  4- 6 || total
-------------------------+-------+-------++-------
Melee: Short sword       |    43 |       ||    43
       Tailslap          |     4 |    11 ||    15
       Dagger            |    44 |    91 ||   135
 Cast: Magic Dart        |    58 |    41 ||    99
       Call Imp          |       |     7 ||     7
  Use: Scroll            |     3 |     3 ||     6
 Stab: Sleeping          |     1 |     1 ||     2
  Eat: Chunk             |     3 |     4 ||     7
Armor: Skin              |    31 |    21 ||    52
Dodge: Dodged            |    68 |    65 ||   133
